Workbook

Sheet 1. Introduction
B1: TABLE 1.1: REPORTING PERIOD
B2: Quarter
B3: Financial Year
B6: TABLE 1.2: GENERAL INFORMATION ABOUT THE FUND MANAGEMENT ENTITY
B7: S. No. | C7: Particulars | D7: Details
B8: 1 | C8: Registration Number
B9: 2 | C9: Name of Fund Management Entity (FME)
B10: 3 | C10: Category of Registration of FME
B11: 4 | C11: Date of Registration of FME
B12: 5 | C12: Legal Structure of FME
B13: 6 | C13: PAN of FME
B14: 7 | C14: GSTIN of FME
B15: 8 | C15: Address of FME
B16: 9 | C16: Total No. of Schemes of the FME authorised by IFSCA | D16: =SUM(D17:D19) -> 0
B17: 9a | C17: No. of Venture Capital Schemes (including Angel Schemes)
B18: 9b | C18: No. of Restricted Schemes
B19: 9c | C19: No. of Retail Schemes (including Exchange Traded Funds)
B20: 10 | C20: Whether FME has expressed its intent & paid applicable fee to IFSCA for providing Portfolio Management Services (PMS) in IFSC
B23: TABLE 1.3: CONTACT INFORMATION OF THE FME
B24: 1 | C24: Name of the Principal Officer
B25: 1a | C25: Email ID of the Principal Officer
B26: 1b | C26: Contact no. of the Principal Officer
B27: 2 | C27: Name of the Compliance Officer
B28: 2a | C28: Email ID of the Compliance Officer
B29: 2b | C29: Contact no. of the Compliance Officer
B30: 3 | C30: Name of Additional KMP appointed in terms of Regulations 7(3) & 7(4) of IFSCA (Fund Management) Regulations, 2025
B31: 3a | C31: Email ID of the Additional KMP
B32: 3b | C32: Contact no. of the Additional KMP
B33: 4 | C33: Total Number of employees on the payroll of FME in IFSC (including PO, CO & Additional KMP reported above)
B36: TABLE 1.4: COMPLAINTS / LEGAL DISPUTES AGAINST ANY SCHEME / FME
B37: S. No. | C37: Nature | D37: No. outstanding at the beginning of quarter | E37: No. received during the quarter | F37: No. resolved during the quarter | G37: No. pending at the end of the quarter | H37: Period of the longest pending complaint / legal dispute as at the end of the quarter (in days)
B38: 1 | C38: Complaints | D38: 0 | E38: 0 | F38: 0 | G38: =D38+E38-F38 -> 0 | H38: 0
B39: 2 | C39: Legal Disputes | D39: 0 | E39: 0 | F39: 0 | G39: =D39+E39-F39 -> 0 | H39: 0
B42: TABLE 1.5: DETAILS OF RECURRING FEES PAYMENT
B43: 1 | C43: Whether FME has paid the applicable recurring fees to IFSCA
B44: 2 | C44: Date of Registration of FME | D44: =D11 -> 0
B45: 3 | C45: Date of payment of recurring fees
B46: 4 | C46: Amount paid towards recurring fee (USD)
B47: 5 | C47: Amount paid towards late fee, if any (USD)
B48: 6 | C48: Amount in Shortfall / Excess, if any
B49: 7 | C49: Details of SWIFT / MT 103 or UTR
B50: 8 | C50: GSTIN of FME | D50: =D14 -> 0
B52: Note:
B53: 1. Details of recurring fees need to be provided based on the Financial Year in which the FME submits the quarterly report. For example, if filing report in April 2025 for the quarter ending on March 31, 2025, details of recurring fee applicable for FY 2025-26 are to be provided.
B56: TABLE 1.6: GENERAL INFORMATION ABOUT THE SCHEMES
B57: S. No | C57: IFSCA Authorisation Number of Scheme | D57: Name of Scheme | E57: Date of IFSCA Authorisation of Scheme | F57: Legal Structure of scheme | G57: Type of Scheme | H57: Open-Ended / Close-Ended | I57: Tenure in Years (Only in case of Close-Ended Schemes) | J57: Whether Scheme is approved as an ESG Scheme | K57: Whether Scheme is set up as a Fund of Funds (FoF) Scheme | L57: Whether Scheme has stated intent to have 50% or more contribution from NRIs, OCIs & RIs | M57: Whether Scheme is relocated from a foreign jurisdiction
B58: 1 | C58: NA | D58: NA | I58: 0
B59: 2 | C59: NA | D59: NA | I59: 0
B60: 3 | C60: NA | D60: NA | I60: 0
B61: 4 | C61: NA | D61: NA | I61: 0
B62: 5 | C62: NA | D62: NA | I62: 0
B63: 6 | C63: NA | D63: NA | I63: 0
B64: 7 | C64: NA | D64: NA | I64: 0
B65: 8 | C65: NA | D65: NA | I65: 0
B66: 9 | C66: NA | D66: NA | I66: 0
B67: 10 | C67: NA | D67: NA | I67: 0
B69: Note:
B70: 1. Date of authorisation may be entered in dd/mm/yyyy format.
B71: 2. Column K may be indicated as 'Yes' in such cases where a scheme invests in other schemes whether in IFSC, India or foreign jurisdictions, except to the extent of funds required for meeting expenses, hedging or liquidity requirements for the purpose of repurchases, redemptions and distribution, as disclosed in the placement memorandum or offer document of the scheme.
B72: 3. For a Scheme that has obtained or is in the process of seeking registration under SEBI (Foreign Portfolio Investors) Regulations, 2019, Column L may be indicated as 'Yes' or 'No' in accordance with IFSCA Circular dated May 02, 2024, SEBI (Foreign Portfolio Investors) (Second Amendment) Regulations, 2024 dated June 26, 2024, SEBI Circular dated June 27, 2024 and sub-para1(ii)(d)of Part A of SEBI's Master Circular for Foreign Portfolio Investors, Designated Depository Participants and Eligible Foreign Investors. For other Schemes, it may be indicated as 'Not Applicable'.
B73: 4. Column M may be indicated as 'Yes' for relocation of scheme in terms of Section 47(viiac) and 47(viiad) of Income Tax Act, 1961.
B76: TABLE 1.7: DETAILS OF SERVICE PROVIDERS OF THE SCHEMES
B77: S. No | C77: IFSCA Authorisation Number of Scheme | D77: Name of Scheme | E77: Legal Structure of scheme | F77: Custodian, if any | H77: Fund Administrator, if any | J77: Fiduciary / Trustee | L77: Valuer, if any
F78: Name | G78: IFSCA Registration No. / Address (if not registered with IFSCA) | H78: Name | I78: IFSCA Registration No. | J78: Name | K78: IFSCA Registration No. / Address (if fiduciary entity is not registered with IFSCA) / PAN or Passport No. (in case of individuals) | L78: Name | M78: IFSCA Registration No. / IBBI Registration No.
B79: 1 | C79: =C58 -> NA | D79: =D58 -> NA | E79: =F58 -> 0
B80: 2 | C80: =C59 -> NA | D80: =D59 -> NA | E80: =F59 -> 0
B81: 3 | C81: =C60 -> NA | D81: =D60 -> NA | E81: =F60 -> 0
B82: 4 | C82: =C61 -> NA | D82: =D61 -> NA | E82: =F61 -> 0
B83: 5 | C83: =C62 -> NA | D83: =D62 -> NA | E83: =F62 -> 0
B84: 6 | C84: =C63 -> NA | D84: =D63 -> NA | E84: =F63 -> 0
B85: 7 | C85: =C64 -> NA | D85: =D64 -> NA | E85: =F64 -> 0
B86: 8 | C86: =C65 -> NA | D86: =D65 -> NA | E86: =F65 -> 0
B87: 9 | C87: =C66 -> NA | D87: =D66 -> NA | E87: =F66 -> 0
B88: 10 | C88: =C67 -> NA | D88: =D67 -> NA | E88: =F67 -> 0
B91: Guidance for filling the sheet
B92: 1 | C92: While the FME shall bear the liability to ensure that the information submitted to the Authority is accurate and a correct reflection of the state of affairs of the fund mangement operations of the FME in IFSC, it may authorise a competent person to submit the report on its behalf to the Authority.
B93: 2 | C93: The headings of the tables, rows, columns and the information in drop-down or pre-filled cells should not be modified.
B94: 3 | C94: If a currency conversion is required for the purpose of this report, FME may undertake the conversion at the same rate as applicable on the date of such transaction.
B95: 4 | C95: Wherever applicable, the values of investments shall be provided on cost-basis, unless otherwise specified. Further, wherever applicable, the values may be filled up to 2 decimal points.
B96: 5 | C96: The sheet titled "PMS" shall be relevant for only those FMEs which provide Portfolio Management Services in IFSC.
B97: 6 | C97: For Family Investment Funds, information may be submitted in a single row under each table, i.e. the scheme-wise information may not be relevant for Family Investment Funds. Further, wherever any cell is not deemed relvant for a Family Investment Fund, the same may be indicated as "NA".
B98: 7 | C98: The duly filled Excel sheet along with the Compliance Certificate (scanned PDF file) should be sent to IFSCA within the prescribed timelines by email to - FME-reporting@ifsca.gov.in
B99: 8 | C99: The FME, while submitting the dully filled Excel sheet and Compliance Certificate to IFSCA, shall ensure that these files are re-named to reflect the full name of the FME.
B100: 9 | C100: This reporting format (excel sheet) has been designed to obtain data for up to 10 (ten) schemes for each FME. Therefore, if a FME has obtained authorisation for more than 10 (ten) schemes, it shall submit its quarterly filing by using more than 1 instances of such excel sheet. Each such additional instance shall be renamed as <full name of the FME>_Additional Instance <x>, where x is a number in the series of additional instance(s) of the excel sheet used by the FME.

Sheet 2. Summary
A2: Table 2.1: Fund Management Activities under the Schemes
A3: Common Details | H3: For all types of schemes other than Retail Schemes | P3: For Retail Schemes
A4: S. No | B4: IFSCA Authorisation Number of Scheme | C4: Name of Scheme | D4: Type of Scheme | E4: No. of Investee Companies (not including cash equivalents) | F4: Stated Target Corpus (Only for Close-Ended Schemes) (USD Million) | G4: No. of Investors who have contributed / invested | H4: No. of Investors who have committed | I4: Cumulative commitments raised, as at the end of quarter (USD Million) | J4: Cumulative funds raised, as at the end of quarter (USD Million) | K4: Funds borrowed, as at the end of quarter (USD Million) | L4: Cumulative Investments made, as at the end of quarter (USD Million) | M4: Cash equivalents, as at the end of quarter (USD Million) | N4: Cumulative fees and expenses (USD Million) | O4: Cumulative distributions made, as at the end of quarter (USD Million) | P4: Cumulative funds raised, as at the end of quarter (USD Million) | Q4: Funds raised during the quarter (USD million) | R4: Cumulative redemptions, as at the end of quarter (USD Million) | S4: Redemptions during the quarter (USD Million) | T4: Net Inflow(+ve)/ Outflow (-ve) during the quarter (USD Million) | U4: Net Assets Under Management as at the end of quarter (USD Million) | V4: Average Net Assets under Management for the quarter (USD Million)
A5: 1 | B5: ='1. Introduction'!C58 -> NA | C5: ='1. Introduction'!D58 -> NA | D5: ='1. Introduction'!G58 -> 0 | E5: 0 | F5: 0 | G5: ='4. Investors'!AB21 -> 0 | H5: 0 | I5: 0 | J5: 0 | K5: 0 | L5: 0 | M5: 0 | N5: 0 | O5: 0 | P5: 0 | Q5: 0 | R5: 0 | S5: 0 | T5: 0 | U5: 0 | V5: 0
A6: 2 | B6: ='1. Introduction'!C59 -> NA | C6: ='1. Introduction'!D59 -> NA | D6: ='1. Introduction'!G59 -> 0 | E6: 0 | F6: 0 | G6: ='4. Investors'!AB22 -> 0 | H6: 0 | I6: 0 | J6: 0 | K6: 0 | L6: 0 | M6: 0 | N6: 0 | O6: 0 | P6: 0 | Q6: 0 | R6: 0 | S6: 0 | T6: 0 | U6: 0 | V6: 0
A7: 3 | B7: ='1. Introduction'!C60 -> NA | C7: ='1. Introduction'!D60 -> NA | D7: ='1. Introduction'!G60 -> 0 | E7: 0 | F7: 0 | G7: ='4. Investors'!AB23 -> 0 | H7: 0 | I7: 0 | J7: 0 | K7: 0 | L7: 0 | M7: 0 | N7: 0 | O7: 0 | P7: 0 | Q7: 0 | R7: 0 | S7: 0 | T7: 0 | U7: 0 | V7: 0
A8: 4 | B8: ='1. Introduction'!C61 -> NA | C8: ='1. Introduction'!D61 -> NA | D8: ='1. Introduction'!G61 -> 0 | E8: 0 | F8: 0 | G8: ='4. Investors'!AB24 -> 0 | H8: 0 | I8: 0 | J8: 0 | K8: 0 | L8: 0 | M8: 0 | N8: 0 | O8: 0 | P8: 0 | Q8: 0 | R8: 0 | S8: 0 | T8: 0 | U8: 0 | V8: 0
A9: 5 | B9: ='1. Introduction'!C62 -> NA | C9: ='1. Introduction'!D62 -> NA | D9: ='1. Introduction'!G62 -> 0 | E9: 0 | F9: 0 | G9: ='4. Investors'!AB25 -> 0 | H9: 0 | I9: 0 | J9: 0 | K9: 0 | L9: 0 | M9: 0 | N9: 0 | O9: 0 | P9: 0 | Q9: 0 | R9: 0 | S9: 0 | T9: 0 | U9: 0 | V9: 0
A10: 6 | B10: ='1. Introduction'!C63 -> NA | C10: ='1. Introduction'!D63 -> NA | D10: ='1. Introduction'!G63 -> 0 | E10: 0 | F10: 0 | G10: ='4. Investors'!AB26 -> 0 | H10: 0 | I10: 0 | J10: 0 | K10: 0 | L10: 0 | M10: 0 | N10: 0 | O10: 0 | P10: 0 | Q10: 0 | R10: 0 | S10: 0 | T10: 0 | U10: 0 | V10: 0
A11: 7 | B11: ='1. Introduction'!C64 -> NA | C11: ='1. Introduction'!D64 -> NA | D11: ='1. Introduction'!G64 -> 0 | E11: 0 | F11: 0 | G11: ='4. Investors'!AB27 -> 0 | H11: 0 | I11: 0 | J11: 0 | K11: 0 | L11: 0 | M11: 0 | N11: 0 | O11: 0 | P11: 0 | Q11: 0 | R11: 0 | S11: 0 | T11: 0 | U11: 0 | V11: 0
A12: 8 | B12: ='1. Introduction'!C65 -> NA | C12: ='1. Introduction'!D65 -> NA | D12: ='1. Introduction'!G65 -> 0 | E12: 0 | F12: 0 | G12: ='4. Investors'!AB28 -> 0 | H12: 0 | I12: 0 | J12: 0 | K12: 0 | L12: 0 | M12: 0 | N12: 0 | O12: 0 | P12: 0 | Q12: 0 | R12: 0 | S12: 0 | T12: 0 | U12: 0 | V12: 0
A13: 9 | B13: ='1. Introduction'!C66 -> NA | C13: ='1. Introduction'!D66 -> NA | D13: ='1. Introduction'!G66 -> 0 | E13: 0 | F13: 0 | G13: ='4. Investors'!AB29 -> 0 | H13: 0 | I13: 0 | J13: 0 | K13: 0 | L13: 0 | M13: 0 | N13: 0 | O13: 0 | P13: 0 | Q13: 0 | R13: 0 | S13: 0 | T13: 0 | U13: 0 | V13: 0
A14: 10 | B14: ='1. Introduction'!C67 -> NA | C14: ='1. Introduction'!D67 -> NA | D14: ='1. Introduction'!G67 -> 0 | E14: 0 | F14: 0 | G14: ='4. Investors'!AB30 -> 0 | H14: 0 | I14: 0 | J14: 0 | K14: 0 | L14: 0 | M14: 0 | N14: 0 | O14: 0 | P14: 0 | Q14: 0 | R14: 0 | S14: 0 | T14: 0 | U14: 0 | V14: 0
A16: Note:
A18: 1. "Stated Target Corpus" represents the target corpus as indicated in the Placement Memorandum or Offer Document. This also includes green-shoe option, if any, retained by the FME.
A19: 2. "No. of Investors who have contributed" shall get auto-filled upon filling the Table 4.1.
A20: 3. "Cumulative Commitments raised" includes gross commitment raised since inception deducting such commitments which have been exited due to forefeiture / exit / reduction in commitment.
A21: 4. "Cash equivalents" mean cash and such investments which are made for temporary purposes pending deployment in accordance to the investment objectives, such as money market instruments, overnight / liquid mutual funds, bank deposits and similar such investments as permitted under IFSCA (Fund Management) Regulations, 2025.
A22: 5. "Cumulative fees and expenses" includes such fees and expenses which have been deducted from the scheme corpus.
A23: 6. "Cumulative Investments made" should not include deployment in cash equivalents.
A24: 7. "Cumulative distributions" include all such amounts that are paid back to the investors or paid on behalf of investors. For example - redemption, tax, etc.
A25: 8. "Average Net Assets under Management for the quarter" is the average of the daily AuM of the Retail Scheme for the quarter.

Sheet 3. Portfolio
A1: Table 3.1: Portfolio Details of each Scheme, as at the end of quarter (USD Million)
A2: S. No | B2: Name of Scheme | C2: Equity shares listed or to be listed on Stock Exchange | D2: Unlisted equity shares | E2: Debt securities listed or to be listed on Stock Exchange | F2: Unlisted debt securities | G2: Other Schemes in IFSC | H2: Other Schemes in India | I2: Other Schemes in Foreign Jurisdictions | J2: LLP interest | K2: Physical Assets | L2: Cash equivalents | M2: Actual amount paid towards derivative contracts | N2: Other instruments | O2: Total Portfolio Value
A3: 1 | B3: ='1. Introduction'!D58 -> NA | C3: 0 | D3: 0 | E3: 0 | F3: 0 | G3: 0 | H3: 0 | I3: 0 | J3: 0 | K3: 0 | L3: 0 | M3: 0 | N3: 0 | O3: =SUM(C3:N3) -> 0
A4: 2 | B4: ='1. Introduction'!D59 -> NA | C4: 0 | D4: 0 | E4: 0 | F4: 0 | G4: 0 | H4: 0 | I4: 0 | J4: 0 | K4: 0 | L4: 0 | M4: 0 | N4: 0 | O4: =SUM(C4:N4) -> 0
A5: 3 | B5: ='1. Introduction'!D60 -> NA | C5: 0 | D5: 0 | E5: 0 | F5: 0 | G5: 0 | H5: 0 | I5: 0 | J5: 0 | K5: 0 | L5: 0 | M5: 0 | N5: 0 | O5: =SUM(C5:N5) -> 0
A6: 4 | B6: ='1. Introduction'!D61 -> NA | C6: 0 | D6: 0 | E6: 0 | F6: 0 | G6: 0 | H6: 0 | I6: 0 | J6: 0 | K6: 0 | L6: 0 | M6: 0 | N6: 0 | O6: =SUM(C6:N6) -> 0
A7: 5 | B7: ='1. Introduction'!D62 -> NA | C7: 0 | D7: 0 | E7: 0 | F7: 0 | G7: 0 | H7: 0 | I7: 0 | J7: 0 | K7: 0 | L7: 0 | M7: 0 | N7: 0 | O7: =SUM(C7:N7) -> 0
A8: 6 | B8: ='1. Introduction'!D63 -> NA | C8: 0 | D8: 0 | E8: 0 | F8: 0 | G8: 0 | H8: 0 | I8: 0 | J8: 0 | K8: 0 | L8: 0 | M8: 0 | N8: 0 | O8: =SUM(C8:N8) -> 0
A9: 7 | B9: ='1. Introduction'!D64 -> NA | C9: 0 | D9: 0 | E9: 0 | F9: 0 | G9: 0 | H9: 0 | I9: 0 | J9: 0 | K9: 0 | L9: 0 | M9: 0 | N9: 0 | O9: =SUM(C9:N9) -> 0
A10: 8 | B10: ='1. Introduction'!D65 -> NA | C10: 0 | D10: 0 | E10: 0 | F10: 0 | G10: 0 | H10: 0 | I10: 0 | J10: 0 | K10: 0 | L10: 0 | M10: 0 | N10: 0 | O10: =SUM(C10:N10) -> 0
A11: 9 | B11: ='1. Introduction'!D66 -> NA | C11: 0 | D11: 0 | E11: 0 | F11: 0 | G11: 0 | H11: 0 | I11: 0 | J11: 0 | K11: 0 | L11: 0 | M11: 0 | N11: 0 | O11: =SUM(C11:N11) -> 0
A12: 10 | B12: ='1. Introduction'!D67 -> NA | C12: 0 | D12: 0 | E12: 0 | F12: 0 | G12: 0 | H12: 0 | I12: 0 | J12: 0 | K12: 0 | L12: 0 | M12: 0 | N12: 0 | O12: =SUM(C12:N12) -> 0
A15: Table 3.2: Details of Leverage (USD Million)
A16: S. No | B16: Name of Scheme | C16: Amount of borrowing as at the beginning of quarter | D16: Amount of borrowing during the quarter | E16: Amount of repayment during the quarter | F16: Amount of borrowing as at the end of quarter | G16: Highest amount of outstanding borrowing at any point during the quarter | H16: Nature of instruments / mode of borrowing during the quarter | I16: Source(s) of borrowing during the quarter (Bank, Finance Company, etc.) | J16: Gross Notional Exposure through Derivatives | K16: Net Unhedged Notional Exposure through Derivatives | L16: Net Gains / Losses booked on cumulative basis on Derivative Contracts | M16: Net Gains / Losses on outstanding derivative contracts marked to market as at the end of the quarter
A17: 1 | B17: ='1. Introduction'!D58 -> NA | C17: 0 | D17: 0 | E17: 0 | F17: 0 | G17: 0 | J17: 0 | K17: 0 | L17: 0 | M17: 0
A18: 2 | B18: ='1. Introduction'!D59 -> NA | C18: 0 | D18: 0 | E18: 0 | F18: 0 | G18: 0 | J18: 0 | K18: 0 | L18: 0 | M18: 0
A19: 3 | B19: ='1. Introduction'!D60 -> NA | C19: 0 | D19: 0 | E19: 0 | F19: 0 | G19: 0 | J19: 0 | K19: 0 | L19: 0 | M19: 0
A20: 4 | B20: ='1. Introduction'!D61 -> NA | C20: 0 | D20: 0 | E20: 0 | F20: 0 | G20: 0 | J20: 0 | K20: 0 | L20: 0 | M20: 0
A21: 5 | B21: ='1. Introduction'!D62 -> NA | C21: 0 | D21: 0 | E21: 0 | F21: 0 | G21: 0 | J21: 0 | K21: 0 | L21: 0 | M21: 0
A22: 6 | B22: ='1. Introduction'!D63 -> NA | C22: 0 | D22: 0 | E22: 0 | F22: 0 | G22: 0 | J22: 0 | K22: 0 | L22: 0 | M22: 0
A23: 7 | B23: ='1. Introduction'!D64 -> NA | C23: 0 | D23: 0 | E23: 0 | F23: 0 | G23: 0 | J23: 0 | K23: 0 | L23: 0 | M23: 0
A24: 8 | B24: ='1. Introduction'!D65 -> NA | C24: 0 | D24: 0 | E24: 0 | F24: 0 | G24: 0 | J24: 0 | K24: 0 | L24: 0 | M24: 0
A25: 9 | B25: ='1. Introduction'!D66 -> NA | C25: 0 | D25: 0 | E25: 0 | F25: 0 | G25: 0 | J25: 0 | K25: 0 | L25: 0 | M25: 0
A26: 10 | B26: ='1. Introduction'!D67 -> NA | C26: 0 | D26: 0 | E26: 0 | F26: 0 | G26: 0 | J26: 0 | K26: 0 | L26: 0 | M26: 0
A28: Note:
A29: 1. "To be listed" includes such securities for which approval for listing has been granted by the relevant authority.
A30: 2. "Derivatives" include Equity Derivatives, Currency Derivatives, Interest Rate Derivatives, Commodity Derivatives, Index Derivatives, etc.
A31: 3. "Physical Assets" include Real Estate, Bullion, Art, etc.
A32: 4. For providing "Notional Exposure through Derivatives", the gross exposure across all contracts may be aggregated. Exposure across multiple derivative contracts (such as Long and Short positions) shall not be netted out.
A33: 5. "Net Unhedged Notional Exposure through Derivatives" include only such derivative positions which remain after offsetting those derivative positions that are in nature of hedging.
A34: 6. In calculating "Net Gains / Losses", if there is a net loss, the same may be indicated as a negative figure.
A35: 7. Information in Tables 3.1 and 3.2 should be provided on the basis of direct investments or borrowing activities undertaken in the scheme, and not on look-through basis.
A38: Table 3.3: Details of investments in Debt Securities
A39: S. No | B39: Name of Scheme | C39: Debt securities listed or to be listed on Stock Exchange (USD Million) | H39: Unlisted debt securities (USD Million)
C40: Investment Grade | D40: Below Investment Grade (but not default grade) | E40: Default Grade | F40: Non-Rated | G40: Total | H40: Investment Grade | I40: Below Investment Grade (but not default grade) | J40: Default Grade | K40: Non-Rated | L40: Total
A41: 1 | B41: ='1. Introduction'!D58 -> NA | C41: 0 | D41: 0 | E41: 0 | F41: 0 | G41: =SUM(C41:F41) -> 0 | H41: 0 | I41: 0 | J41: 0 | K41: 0 | L41: =SUM(H41:K41) -> 0
A42: 2 | B42: ='1. Introduction'!D59 -> NA | C42: 0 | D42: 0 | E42: 0 | F42: 0 | G42: =SUM(C42:F42) -> 0 | H42: 0 | I42: 0 | J42: 0 | K42: 0 | L42: =SUM(H42:K42) -> 0
A43: 3 | B43: ='1. Introduction'!D60 -> NA | C43: 0 | D43: 0 | E43: 0 | F43: 0 | G43: =SUM(C43:F43) -> 0 | H43: 0 | I43: 0 | J43: 0 | K43: 0 | L43: =SUM(H43:K43) -> 0
A44: 4 | B44: ='1. Introduction'!D61 -> NA | C44: 0 | D44: 0 | E44: 0 | F44: 0 | G44: =SUM(C44:F44) -> 0 | H44: 0 | I44: 0 | J44: 0 | K44: 0 | L44: =SUM(H44:K44) -> 0
A45: 5 | B45: ='1. Introduction'!D62 -> NA | C45: 0 | D45: 0 | E45: 0 | F45: 0 | G45: =SUM(C45:F45) -> 0 | H45: 0 | I45: 0 | J45: 0 | K45: 0 | L45: =SUM(H45:K45) -> 0
A46: 6 | B46: ='1. Introduction'!D63 -> NA | C46: 0 | D46: 0 | E46: 0 | F46: 0 | G46: =SUM(C46:F46) -> 0 | H46: 0 | I46: 0 | J46: 0 | K46: 0 | L46: =SUM(H46:K46) -> 0
A47: 7 | B47: ='1. Introduction'!D64 -> NA | C47: 0 | D47: 0 | E47: 0 | F47: 0 | G47: =SUM(C47:F47) -> 0 | H47: 0 | I47: 0 | J47: 0 | K47: 0 | L47: =SUM(H47:K47) -> 0
A48: 8 | B48: ='1. Introduction'!D65 -> NA | C48: 0 | D48: 0 | E48: 0 | F48: 0 | G48: =SUM(C48:F48) -> 0 | H48: 0 | I48: 0 | J48: 0 | K48: 0 | L48: =SUM(H48:K48) -> 0
A49: 9 | B49: ='1. Introduction'!D66 -> NA | C49: 0 | D49: 0 | E49: 0 | F49: 0 | G49: =SUM(C49:F49) -> 0 | H49: 0 | I49: 0 | J49: 0 | K49: 0 | L49: =SUM(H49:K49) -> 0
A50: 10 | B50: ='1. Introduction'!D67 -> NA | C50: 0 | D50: 0 | E50: 0 | F50: 0 | G50: =SUM(C50:F50) -> 0 | H50: 0 | I50: 0 | J50: 0 | K50: 0 | L50: =SUM(H50:K50) -> 0
A53: Table 3.4: Investments in Startups & Infrastructure, as at the end of quarter
A54: S. No | B54: Name of Scheme | C54: Investments in startups (in USD Million) | D54: No. of startups invested in | E54: Investments in infrastructure related projects (in USD Million) | F54: No.of investments in infrastructure related projects
A55: 1 | B55: ='1. Introduction'!D58 -> NA | C55: 0 | D55: 0 | E55: 0 | F55: 0
A56: 2 | B56: ='1. Introduction'!D59 -> NA | C56: 0 | D56: 0 | E56: 0 | F56: 0
A57: 3 | B57: ='1. Introduction'!D60 -> NA | C57: 0 | D57: 0 | E57: 0 | F57: 0
A58: 4 | B58: ='1. Introduction'!D61 -> NA | C58: 0 | D58: 0 | E58: 0 | F58: 0
A59: 5 | B59: ='1. Introduction'!D62 -> NA | C59: 0 | D59: 0 | E59: 0 | F59: 0
A60: 6 | B60: ='1. Introduction'!D63 -> NA | C60: 0 | D60: 0 | E60: 0 | F60: 0
A61: 7 | B61: ='1. Introduction'!D64 -> NA | C61: 0 | D61: 0 | E61: 0 | F61: 0
A62: 8 | B62: ='1. Introduction'!D65 -> NA | C62: 0 | D62: 0 | E62: 0 | F62: 0
A63: 9 | B63: ='1. Introduction'!D66 -> NA | C63: 0 | D63: 0 | E63: 0 | F63: 0
A64: 10 | B64: ='1. Introduction'!D67 -> NA | C64: 0 | D64: 0 | E64: 0 | F64: 0
A66: Note:
A67: 1. "Startup" would mean same as an "early-stage venture capital undertaking" as defined in the Circular dated July 01, 2022 on the subject of Angel Funds. Further, if a company based in a in foreign jurisdiction satisfies the criteria for "startup" specified in its jurisdiction by any Competent Authority, such company may also be included here.
A68: 2. "Investments in Infrastructure" would mean and include such investments which are made in those sectors as included under the Harmonized Master List of Infrastructure sub-sectors as updated by the Government of India from time to time. Further, if an investment based in a in foreign jurisdiction satisfies the criteria for "infrastructure" specified in its jurisdiction by any Competent Authority, such investment may also be included here.
A69: 3. Information in Tables 3.3 and 3.4 should be provided on a look-through basis.
A72: Table 3.5: Top 10 Investments, as at the end of quarter (Schemes 01 - 05)
B73: ='1. Introduction'!D58 -> NA | F73: ='1. Introduction'!D59 -> NA | J73: ='2. Summary'!C7 -> NA | N73: ='2. Summary'!C8 -> NA | R73: ='2. Summary'!C9 -> NA
A74: S. No | B74: Name of Investment "X" | C74: Amount Invested (USD Million) "AI" | D74: AI as % of Total Portfolio Value of the Scheme (%) | E74: Whether "X" is an associate of FME (Y/N) | F74: Name of Investment "X" | G74: Amount Invested (USD Million) "AI" | H74: AI as % of Total Portfolio Value of the Scheme (%) | I74: Whether "X" is an associate of FME (Y/N) | J74: Name of Investment "X" | K74: Amount Invested (USD Million) "AI" | L74: AI as % of Total Portfolio Value of the Scheme (%) | M74: Whether "X" is an associate of FME (Y/N) | N74: Name of Investment "X" | O74: Amount Invested (USD Million) "AI" | P74: AI as % of Total Portfolio Value of the Scheme (%) | Q74: Whether "X" is an associate of FME (Y/N) | R74: Name of Investment "X" | S74: Amount Invested (USD Million) "AI" | T74: AI as % of Total Portfolio Value of the Scheme (%) | U74: Whether "X" is an associate of FME (Y/N)
A75: 1 | B75: NA | C75: 0 | D75: =IFERROR(C75/$O$3,0) -> 0 | F75: NA | G75: 0 | H75: =IFERROR(G75/$O$4,0) -> 0 | J75: NA | K75: 0 | L75: =IFERROR(K75/$O$5,0) -> 0 | N75: NA | O75: 0 | P75: =IFERROR(O75/$O$6,0) -> 0 | R75: NA | S75: 0 | T75: =IFERROR(S75/$O$7,0) -> 0
A76: 2 | B76: NA | C76: 0 | D76: =IFERROR(C76/$O$3,0) -> 0 | F76: NA | G76: 0 | H76: =IFERROR(G76/$O$4,0) -> 0 | J76: NA | K76: 0 | L76: =IFERROR(K76/$O$5,0) -> 0 | N76: NA | O76: 0 | P76: =IFERROR(O76/$O$6,0) -> 0 | R76: NA | S76: 0 | T76: =IFERROR(S76/$O$7,0) -> 0
A77: 3 | B77: NA | C77: 0 | D77: =IFERROR(C77/$O$3,0) -> 0 | F77: NA | G77: 0 | H77: =IFERROR(G77/$O$4,0) -> 0 | J77: NA | K77: 0 | L77: =IFERROR(K77/$O$5,0) -> 0 | N77: NA | O77: 0 | P77: =IFERROR(O77/$O$6,0) -> 0 | R77: NA | S77: 0 | T77: =IFERROR(S77/$O$7,0) -> 0
A78: 4 | B78: NA | C78: 0 | D78: =IFERROR(C78/$O$3,0) -> 0 | F78: NA | G78: 0 | H78: =IFERROR(G78/$O$4,0) -> 0 | J78: NA | K78: 0 | L78: =IFERROR(K78/$O$5,0) -> 0 | N78: NA | O78: 0 | P78: =IFERROR(O78/$O$6,0) -> 0 | R78: NA | S78: 0 | T78: =IFERROR(S78/$O$7,0) -> 0
A79: 5 | B79: NA | C79: 0 | D79: =IFERROR(C79/$O$3,0) -> 0 | F79: NA | G79: 0 | H79: =IFERROR(G79/$O$4,0) -> 0 | J79: NA | K79: 0 | L79: =IFERROR(K79/$O$5,0) -> 0 | N79: NA | O79: 0 | P79: =IFERROR(O79/$O$6,0) -> 0 | R79: NA | S79: 0 | T79: =IFERROR(S79/$O$7,0) -> 0
A80: 6 | B80: NA | C80: 0 | D80: =IFERROR(C80/$O$3,0) -> 0 | F80: NA | G80: 0 | H80: =IFERROR(G80/$O$4,0) -> 0 | J80: NA | K80: 0 | L80: =IFERROR(K80/$O$5,0) -> 0 | N80: NA | O80: 0 | P80: =IFERROR(O80/$O$6,0) -> 0 | R80: NA | S80: 0 | T80: =IFERROR(S80/$O$7,0) -> 0
A81: 7 | B81: NA | C81: 0 | D81: =IFERROR(C81/$O$3,0) -> 0 | F81: NA | G81: 0 | H81: =IFERROR(G81/$O$4,0) -> 0 | J81: NA | K81: 0 | L81: =IFERROR(K81/$O$5,0) -> 0 | N81: NA | O81: 0 | P81: =IFERROR(O81/$O$6,0) -> 0 | R81: NA | S81: 0 | T81: =IFERROR(S81/$O$7,0) -> 0
A82: 8 | B82: NA | C82: 0 | D82: =IFERROR(C82/$O$3,0) -> 0 | F82: NA | G82: 0 | H82: =IFERROR(G82/$O$4,0) -> 0 | J82: NA | K82: 0 | L82: =IFERROR(K82/$O$5,0) -> 0 | N82: NA | O82: 0 | P82: =IFERROR(O82/$O$6,0) -> 0 | R82: NA | S82: 0 | T82: =IFERROR(S82/$O$7,0) -> 0
A83: 9 | B83: NA | C83: 0 | D83: =IFERROR(C83/$O$3,0) -> 0 | F83: NA | G83: 0 | H83: =IFERROR(G83/$O$4,0) -> 0 | J83: NA | K83: 0 | L83: =IFERROR(K83/$O$5,0) -> 0 | N83: NA | O83: 0 | P83: =IFERROR(O83/$O$6,0) -> 0 | R83: NA | S83: 0 | T83: =IFERROR(S83/$O$7,0) -> 0
A84: 10 | B84: NA | C84: 0 | D84: =IFERROR(C84/$O$3,0) -> 0 | F84: NA | G84: 0 | H84: =IFERROR(G84/$O$4,0) -> 0 | J84: NA | K84: 0 | L84: =IFERROR(K84/$O$5,0) -> 0 | N84: NA | O84: 0 | P84: =IFERROR(O84/$O$6,0) -> 0 | R84: NA | S84: 0 | T84: =IFERROR(S84/$O$7,0) -> 0
A85: Top 10 Investments, as at the end of quarter (Schemes 06 - 10)
B86: ='2. Summary'!C10 -> NA | F86: ='2. Summary'!C11 -> NA | J86: ='2. Summary'!C12 -> NA | N86: ='2. Summary'!C13 -> NA | R86: ='2. Summary'!C14 -> NA
A87: S. No | B87: Name of Investment "X" | C87: Amount Invested (USD Million) "AI" | D87: AI as % of Total Portfolio Value of the Scheme (%) | E87: Whether "X" is an associate of FME (Y/N) | F87: Name of Investment "X" | G87: Amount Invested (USD Million) "AI" | H87: AI as % of Total Portfolio Value of the Scheme (%) | I87: Whether "X" is an associate of FME (Y/N) | J87: Name of Investment "X" | K87: Amount Invested (USD Million) "AI" | L87: AI as % of Total Portfolio Value of the Scheme (%) | M87: Whether "X" is an associate of FME (Y/N) | N87: Name of Investment "X" | O87: Amount Invested (USD Million) "AI" | P87: AI as % of Total Portfolio Value of the Scheme (%) | Q87: Whether "X" is an associate of FME (Y/N) | R87: Name of Investment "X" | S87: Amount Invested (USD Million) "AI" | T87: AI as % of Total Portfolio Value of the Scheme (%) | U87: Whether "X" is an associate of FME (Y/N)
A88: 1 | B88: NA | C88: 0 | D88: =IFERROR(C88/$O$8,0) -> 0 | F88: NA | G88: 0 | H88: =IFERROR(G88/$O$9,0) -> 0 | J88: NA | K88: 0 | L88: =IFERROR(K88/$O$10,0) -> 0 | N88: NA | O88: 0 | P88: =IFERROR(O88/$O$11,0) -> 0 | R88: NA | S88: 0 | T88: =IFERROR(S88/$O$12,0) -> 0
A89: 2 | B89: NA | C89: 0 | D89: =IFERROR(C89/$O$8,0) -> 0 | F89: NA | G89: 0 | H89: =IFERROR(G89/$O$9,0) -> 0 | J89: NA | K89: 0 | L89: =IFERROR(K89/$O$10,0) -> 0 | N89: NA | O89: 0 | P89: =IFERROR(O89/$O$11,0) -> 0 | R89: NA | S89: 0 | T89: =IFERROR(S89/$O$12,0) -> 0
A90: 3 | B90: NA | C90: 0 | D90: =IFERROR(C90/$O$8,0) -> 0 | F90: NA | G90: 0 | H90: =IFERROR(G90/$O$9,0) -> 0 | J90: NA | K90: 0 | L90: =IFERROR(K90/$O$10,0) -> 0 | N90: NA | O90: 0 | P90: =IFERROR(O90/$O$11,0) -> 0 | R90: NA | S90: 0 | T90: =IFERROR(S90/$O$12,0) -> 0
A91: 4 | B91: NA | C91: 0 | D91: =IFERROR(C91/$O$8,0) -> 0 | F91: NA | G91: 0 | H91: =IFERROR(G91/$O$9,0) -> 0 | J91: NA | K91: 0 | L91: =IFERROR(K91/$O$10,0) -> 0 | N91: NA | O91: 0 | P91: =IFERROR(O91/$O$11,0) -> 0 | R91: NA | S91: 0 | T91: =IFERROR(S91/$O$12,0) -> 0
A92: 5 | B92: NA | C92: 0 | D92: =IFERROR(C92/$O$8,0) -> 0 | F92: NA | G92: 0 | H92: =IFERROR(G92/$O$9,0) -> 0 | J92: NA | K92: 0 | L92: =IFERROR(K92/$O$10,0) -> 0 | N92: NA | O92: 0 | P92: =IFERROR(O92/$O$11,0) -> 0 | R92: NA | S92: 0 | T92: =IFERROR(S92/$O$12,0) -> 0
A93: 6 | B93: NA | C93: 0 | D93: =IFERROR(C93/$O$8,0) -> 0 | F93: NA | G93: 0 | H93: =IFERROR(G93/$O$9,0) -> 0 | J93: NA | K93: 0 | L93: =IFERROR(K93/$O$10,0) -> 0 | N93: NA | O93: 0 | P93: =IFERROR(O93/$O$11,0) -> 0 | R93: NA | S93: 0 | T93: =IFERROR(S93/$O$12,0) -> 0
A94: 7 | B94: NA | C94: 0 | D94: =IFERROR(C94/$O$8,0) -> 0 | F94: NA | G94: 0 | H94: =IFERROR(G94/$O$9,0) -> 0 | J94: NA | K94: 0 | L94: =IFERROR(K94/$O$10,0) -> 0 | N94: NA | O94: 0 | P94: =IFERROR(O94/$O$11,0) -> 0 | R94: NA | S94: 0 | T94: =IFERROR(S94/$O$12,0) -> 0
A95: 8 | B95: NA | C95: 0 | D95: =IFERROR(C95/$O$8,0) -> 0 | F95: NA | G95: 0 | H95: =IFERROR(G95/$O$9,0) -> 0 | J95: NA | K95: 0 | L95: =IFERROR(K95/$O$10,0) -> 0 | N95: NA | O95: 0 | P95: =IFERROR(O95/$O$11,0) -> 0 | R95: NA | S95: 0 | T95: =IFERROR(S95/$O$12,0) -> 0
A96: 9 | B96: NA | C96: 0 | D96: =IFERROR(C96/$O$8,0) -> 0 | F96: NA | G96: 0 | H96: =IFERROR(G96/$O$9,0) -> 0 | J96: NA | K96: 0 | L96: =IFERROR(K96/$O$10,0) -> 0 | N96: NA | O96: 0 | P96: =IFERROR(O96/$O$11,0) -> 0 | R96: NA | S96: 0 | T96: =IFERROR(S96/$O$12,0) -> 0
A97: 10 | B97: NA | C97: 0 | D97: =IFERROR(C97/$O$8,0) -> 0 | F97: NA | G97: 0 | H97: =IFERROR(G97/$O$9,0) -> 0 | J97: NA | K97: 0 | L97: =IFERROR(K97/$O$10,0) -> 0 | N97: NA | O97: 0 | P97: =IFERROR(O97/$O$11,0) -> 0 | R97: NA | S97: 0 | T97: =IFERROR(S97/$O$12,0) -> 0
A100: Table 3.6: Top 10 Investments of such underlying scheme(s) in which 30% or more of the Cumulative Investments Made under a Scheme are deployed (Schemes 01 - 05)
B101: ='2. Summary'!C5 -> NA | F101: ='2. Summary'!C6 -> NA | J101: ='2. Summary'!C7 -> NA | N101: ='2. Summary'!C8 -> NA | R101: ='2. Summary'!C9 -> NA
A102: S. No | B102: Name of Underlying Scheme (US) | C102: Amount Invested in US as % of Total Portfolio Value of the Scheme (%) | D102: Name of top Investment (TI) made by US | E102: Whether "TI" is an associate of FME (Y/N) | F102: Name of Underlying Scheme (US) | G102: Amount Invested in US as % of Total Portfolio Value of the Scheme (%) | H102: Name of top Investment (TI) made by US | I102: Whether "TI" is an associate of FME (Y/N) | J102: Name of Underlying Scheme (US) | K102: Amount Invested in US as % of Total Portfolio Value of the Scheme (%) | L102: Name of top Investment (TI) made by US | M102: Whether "TI" is an associate of FME (Y/N) | N102: Name of Underlying Scheme (US) | O102: Amount Invested in US as % of Total Portfolio Value of the Scheme (%) | P102: Name of top Investment (TI) made by US | Q102: Whether "TI" is an associate of FME (Y/N) | R102: Name of Underlying Scheme (US) | S102: Amount Invested in US as % of Total Portfolio Value of the Scheme (%) | T102: Name of top Investment (TI) made by US | U102: Whether "TI" is an associate of FME (Y/N)
A103: 1 | B103: NA | C103: 0 | D103: NA | F103: NA | G103: 0 | H103: NA | J103: NA | K103: 0 | L103: NA | N103: NA | O103: 0 | P103: NA | R103: NA | S103: 0 | T103: NA
A104: 2 | D104: NA | H104: NA | L104: NA | P104: NA | T104: NA
A105: 3 | D105: NA | H105: NA | L105: NA | P105: NA | T105: NA
A106: 4 | D106: NA | H106: NA | L106: NA | P106: NA | T106: NA
A107: 5 | D107: NA | H107: NA | L107: NA | P107: NA | T107: NA
A108: 6 | D108: NA | H108: NA | L108: NA | P108: NA | T108: NA
A109: 7 | D109: NA | H109: NA | L109: NA | P109: NA | T109: NA
A110: 8 | D110: NA | H110: NA | L110: NA | P110: NA | T110: NA
A111: 9 | D111: NA | H111: NA | L111: NA | P111: NA | T111: NA
A112: 10 | D112: NA | H112: NA | L112: NA | P112: NA | T112: NA
...

Sheet 4. Investors
A2: Table 4.1: Details of investors in Investment Fund
A3: Sl. No | B3: Name of the Scheme | C3: (Nos.)
C4: FME | D4: Associates of FME | E4: Employees / Directors / Designated Partners / Partners of FME | F4: Corporations | G4: Individuals | H4: Trusts | I4: Other Investment Funds | J4: Developmental Agencies / Government Agencies | M4: Others | N4: Total
A5: 1 | N5: =SUM(C5:M5) -> 0
A6: 2 | N6: =SUM(C6:M6) -> 0
A7: 3 | N7: =SUM(C7:M7) -> 0
A8: 4 | N8: =SUM(C8:M8) -> 0
A11: Table 4.2: Funds raised from various categories of investors in Investment Fund
A12: Sl. No | B12: Name of the Scheme | C12: (USD Million)
C13: FME | D13: Associates of FME | E13: Employees / Directors / Designated Partners / Partners of FME | F13: Corporations | G13: Individuals | H13: Trusts | I13: Other Investment Funds | J13: Developmental Agencies / Government Agencies | M13: Others | N13: Total
A14: 1 | N14: =SUM(C14:M14) -> 0
A15: 2 | N15: =SUM(C15:M15) -> 0
A16: 3 | N16: =SUM(C16:M16) -> 0
A17: 4 | N17: =SUM(C17:M17) -> 0
A18: Table 4.1: Funds raised from various categories of investors
A19: S. No | B19: Name of Scheme | C19: FME | E19: Associates of FME | G19: Employees / Directors / Designated Partners / Partners of FME | I19: Banks, Finance Companies, Insurance Companies, Provident Funds, Pension Funds | K19: Other Corporate | M19: Individuals - NRI / OCI | O19: Individuals - Resident Indians (RIs) | Q19: Individuals - Other than NRI / OCI / RIs | S19: Trusts | U19: Other Schemes | W19: Developmental / Government Agencies | Y19: Others | AA19: Total
C20: Amount (USD Million) | D20: No. of Investors | E20: Amount (USD Million) | F20: No. of Investors | G20: Amount (USD Million) | H20: No. of Investors | I20: Amount (USD Million) | J20: No. of Investors | K20: Amount (USD Million) | L20: No. of Investors | M20: Amount (USD Million) | N20: No. of Investors | O20: Amount (USD Million) | P20: No. of Investors | Q20: Amount (USD Million) | R20: No. of Investors | S20: Amount (USD Million) | T20: No. of Investors | U20: Amount (USD Million) | V20: No. of Investors | W20: Amount (USD Million) | X20: No. of Investors | Y20: Amount (USD Million) | Z20: No. of Investors | AA20: Amount (USD Million) | AB20: No. of Investors
A21: 1 | B21: ='2. Summary'!C5 -> NA | C21: 0 | D21: 0 | E21: 0 | F21: 0 | G21: 0 | H21: 0 | I21: 0 | J21: 0 | K21: 0 | L21: 0 | M21: 0 | N21: 0 | O21: 0 | P21: 0 | Q21: 0 | R21: 0 | S21: 0 | T21: 0 | U21: 0 | V21: 0 | W21: 0 | X21: 0 | Y21: 0 | Z21: 0 | AA21: =SUM(C21,E21,G21,I21,K21,M21,O21,Q21,S21,U21,W21,Y21) -> 0 | AB21: =SUM(D21,F21,H21,J21,L21,N21,P21,R21,T21,V21,X21,Z21) -> 0
A22: 2 | B22: ='2. Summary'!C6 -> NA | C22: 0 | D22: 0 | E22: 0 | F22: 0 | G22: 0 | H22: 0 | I22: 0 | J22: 0 | K22: 0 | L22: 0 | M22: 0 | N22: 0 | O22: 0 | P22: 0 | Q22: 0 | R22: 0 | S22: 0 | T22: 0 | U22: 0 | V22: 0 | W22: 0 | X22: 0 | Y22: 0 | Z22: 0 | AA22: =SUM(C22,E22,G22,I22,K22,M22,O22,Q22,S22,U22,W22,Y22) -> 0 | AB22: =SUM(D22,F22,H22,J22,L22,N22,P22,R22,T22,V22,X22,Z22) -> 0
A23: 3 | B23: ='2. Summary'!C7 -> NA | C23: 0 | D23: 0 | E23: 0 | F23: 0 | G23: 0 | H23: 0 | I23: 0 | J23: 0 | K23: 0 | L23: 0 | M23: 0 | N23: 0 | O23: 0 | P23: 0 | Q23: 0 | R23: 0 | S23: 0 | T23: 0 | U23: 0 | V23: 0 | W23: 0 | X23: 0 | Y23: 0 | Z23: 0 | AA23: =SUM(C23,E23,G23,I23,K23,M23,O23,Q23,S23,U23,W23,Y23) -> 0 | AB23: =SUM(D23,F23,H23,J23,L23,N23,P23,R23,T23,V23,X23,Z23) -> 0
A24: 4 | B24: ='2. Summary'!C8 -> NA | C24: 0 | D24: 0 | E24: 0 | F24: 0 | G24: 0 | H24: 0 | I24: 0 | J24: 0 | K24: 0 | L24: 0 | M24: 0 | N24: 0 | O24: 0 | P24: 0 | Q24: 0 | R24: 0 | S24: 0 | T24: 0 | U24: 0 | V24: 0 | W24: 0 | X24: 0 | Y24: 0 | Z24: 0 | AA24: =SUM(C24,E24,G24,I24,K24,M24,O24,Q24,S24,U24,W24,Y24) -> 0 | AB24: =SUM(D24,F24,H24,J24,L24,N24,P24,R24,T24,V24,X24,Z24) -> 0
A25: 5 | B25: ='2. Summary'!C9 -> NA | C25: 0 | D25: 0 | E25: 0 | F25: 0 | G25: 0 | H25: 0 | I25: 0 | J25: 0 | K25: 0 | L25: 0 | M25: 0 | N25: 0 | O25: 0 | P25: 0 | Q25: 0 | R25: 0 | S25: 0 | T25: 0 | U25: 0 | V25: 0 | W25: 0 | X25: 0 | Y25: 0 | Z25: 0 | AA25: =SUM(C25,E25,G25,I25,K25,M25,O25,Q25,S25,U25,W25,Y25) -> 0 | AB25: =SUM(D25,F25,H25,J25,L25,N25,P25,R25,T25,V25,X25,Z25) -> 0
A26: 6 | B26: ='2. Summary'!C10 -> NA | C26: 0 | D26: 0 | E26: 0 | F26: 0 | G26: 0 | H26: 0 | I26: 0 | J26: 0 | K26: 0 | L26: 0 | M26: 0 | N26: 0 | O26: 0 | P26: 0 | Q26: 0 | R26: 0 | S26: 0 | T26: 0 | U26: 0 | V26: 0 | W26: 0 | X26: 0 | Y26: 0 | Z26: 0 | AA26: =SUM(C26,E26,G26,I26,K26,M26,O26,Q26,S26,U26,W26,Y26) -> 0 | AB26: =SUM(D26,F26,H26,J26,L26,N26,P26,R26,T26,V26,X26,Z26) -> 0
A27: 7 | B27: ='2. Summary'!C11 -> NA | C27: 0 | D27: 0 | E27: 0 | F27: 0 | G27: 0 | H27: 0 | I27: 0 | J27: 0 | K27: 0 | L27: 0 | M27: 0 | N27: 0 | O27: 0 | P27: 0 | Q27: 0 | R27: 0 | S27: 0 | T27: 0 | U27: 0 | V27: 0 | W27: 0 | X27: 0 | Y27: 0 | Z27: 0 | AA27: =SUM(C27,E27,G27,I27,K27,M27,O27,Q27,S27,U27,W27,Y27) -> 0 | AB27: =SUM(D27,F27,H27,J27,L27,N27,P27,R27,T27,V27,X27,Z27) -> 0
A28: 8 | B28: ='2. Summary'!C12 -> NA | C28: 0 | D28: 0 | E28: 0 | F28: 0 | G28: 0 | H28: 0 | I28: 0 | J28: 0 | K28: 0 | L28: 0 | M28: 0 | N28: 0 | O28: 0 | P28: 0 | Q28: 0 | R28: 0 | S28: 0 | T28: 0 | U28: 0 | V28: 0 | W28: 0 | X28: 0 | Y28: 0 | Z28: 0 | AA28: =SUM(C28,E28,G28,I28,K28,M28,O28,Q28,S28,U28,W28,Y28) -> 0 | AB28: =SUM(D28,F28,H28,J28,L28,N28,P28,R28,T28,V28,X28,Z28) -> 0
A29: 9 | B29: ='2. Summary'!C13 -> NA | C29: 0 | D29: 0 | E29: 0 | F29: 0 | G29: 0 | H29: 0 | I29: 0 | J29: 0 | K29: 0 | L29: 0 | M29: 0 | N29: 0 | O29: 0 | P29: 0 | Q29: 0 | R29: 0 | S29: 0 | T29: 0 | U29: 0 | V29: 0 | W29: 0 | X29: 0 | Y29: 0 | Z29: 0 | AA29: =SUM(C29,E29,G29,I29,K29,M29,O29,Q29,S29,U29,W29,Y29) -> 0 | AB29: =SUM(D29,F29,H29,J29,L29,N29,P29,R29,T29,V29,X29,Z29) -> 0
A30: 10 | B30: ='2. Summary'!C14 -> NA | C30: 0 | D30: 0 | E30: 0 | F30: 0 | G30: 0 | H30: 0 | I30: 0 | J30: 0 | K30: 0 | L30: 0 | M30: 0 | N30: 0 | O30: 0 | P30: 0 | Q30: 0 | R30: 0 | S30: 0 | T30: 0 | U30: 0 | V30: 0 | W30: 0 | X30: 0 | Y30: 0 | Z30: 0 | AA30: =SUM(C30,E30,G30,I30,K30,M30,O30,Q30,S30,U30,W30,Y30) -> 0 | AB30: =SUM(D30,F30,H30,J30,L30,N30,P30,R30,T30,V30,X30,Z30) -> 0
A32: Note:
A33: 1. For the purpose Table 4.1, the number of investor shall include only those investors who have contributed to the funds raised by the Scheme.
A34: 2. Each category of investors as provided in Table 4.1 shall include such investors in IFSC, India or Foreign Jurisdictions. For example, the category 'Banks, Finance Companies, Insurance Companies, Provident Funds, Pension Funds' shall include such institutions in IFSC, India or Foreign Jurisdictions.
A35: 3. NRI (Non-Resident Indian) and OCI (Overseas Citizen of India) shall have the same meaning as assigned to such terms under rule 2 of the Foreign Exchange Management (Non-debt Instruments) Rules, 2019 made under the Foreign Exchange Management Act, 1999.
A36: 4. Resident Indian (RI) shall have the same meaning assigned to the term “person resident in India” under the Foreign Exchange Management Act, 1999.
A39: Table 4.2: Funds raised from various types of investors (For Schemes other than Retail Schemes & ETFs)
A40: S. No | B40: Name of Scheme | C40: Accredited Investors | E40: Investors other than Accredited Investors | G40: Total
C41: Amount (USD Million) | D41: No. of Investors | E41: Amount (USD Million) | F41: No. of Investors | G41: Amount (USD Million) | H41: No. of Investors
A42: 1 | B42: ='2. Summary'!C5 -> NA | C42: 0 | D42: 0 | E42: 0 | F42: 0 | G42: =SUM(C42,E42) -> 0 | H42: =SUM(D42,F42) -> 0
A43: 2 | B43: ='2. Summary'!C6 -> NA | C43: 0 | D43: 0 | E43: 0 | F43: 0 | G43: =SUM(C43,E43) -> 0 | H43: =SUM(D43,F43) -> 0
A44: 3 | B44: ='2. Summary'!C7 -> NA | C44: 0 | D44: 0 | E44: 0 | F44: 0 | G44: =SUM(C44,E44) -> 0 | H44: =SUM(D44,F44) -> 0
A45: 4 | B45: ='2. Summary'!C8 -> NA | C45: 0 | D45: 0 | E45: 0 | F45: 0 | G45: =SUM(C45,E45) -> 0 | H45: =SUM(D45,F45) -> 0
A46: 5 | B46: ='2. Summary'!C9 -> NA | C46: 0 | D46: 0 | E46: 0 | F46: 0 | G46: =SUM(C46,E46) -> 0 | H46: =SUM(D46,F46) -> 0
A47: 6 | B47: ='2. Summary'!C10 -> NA | C47: 0 | D47: 0 | E47: 0 | F47: 0 | G47: =SUM(C47,E47) -> 0 | H47: =SUM(D47,F47) -> 0
A48: 7 | B48: ='2. Summary'!C11 -> NA | C48: 0 | D48: 0 | E48: 0 | F48: 0 | G48: =SUM(C48,E48) -> 0 | H48: =SUM(D48,F48) -> 0
A49: 8 | B49: ='2. Summary'!C12 -> NA | C49: 0 | D49: 0 | E49: 0 | F49: 0 | G49: =SUM(C49,E49) -> 0 | H49: =SUM(D49,F49) -> 0
A50: 9 | B50: ='2. Summary'!C13 -> NA | C50: 0 | D50: 0 | E50: 0 | F50: 0 | G50: =SUM(C50,E50) -> 0 | H50: =SUM(D50,F50) -> 0
A51: 10 | B51: ='2. Summary'!C14 -> NA | C51: 0 | D51: 0 | E51: 0 | F51: 0 | G51: =SUM(C51,E51) -> 0 | H51: =SUM(D51,F51) -> 0
A53: Note:
A54: 1. "Accredited Investor" means an investor defined as such by IFSCA.
A57: Table 4.3: Country-wise breakup of investors, as at the end of quarter
A58: S. No | B58: Country Name | C58: ='2. Summary'!C5 -> NA | E58: ='2. Summary'!C6 -> NA | G58: ='2. Summary'!C7 -> NA | I58: ='2. Summary'!C8 -> NA | K58: ='2. Summary'!C9 -> NA | M58: ='2. Summary'!C10 -> NA | O58: ='2. Summary'!C11 -> NA | Q58: ='2. Summary'!C12 -> NA | S58: ='2. Summary'!C13 -> NA | U58: ='2. Summary'!C14 -> NA
C59: Funds raised (USD Million) | D59: No. of investors | E59: Funds raised (USD Million) | F59: No. of investors | G59: Funds raised (USD Million) | H59: No. of investors | I59: Funds raised (USD Million) | J59: No. of investors | K59: Funds raised (USD Million) | L59: No. of investors | M59: Funds raised (USD Million) | N59: No. of investors | O59: Funds raised (USD Million) | P59: No. of investors | Q59: Funds raised (USD Million) | R59: No. of investors | S59: Funds raised (USD Million) | T59: No. of investors | U59: Funds raised (USD Million) | V59: No. of investors
A60: 1 | B60: NA | C60: 0 | D60: 0 | E60: 0 | F60: 0 | G60: 0 | H60: 0 | I60: 0 | J60: 0 | K60: 0 | L60: 0 | M60: 0 | N60: 0 | O60: 0 | P60: 0 | Q60: 0 | R60: 0 | S60: 0 | T60: 0 | U60: 0 | V60: 0
A61: 2 | B61: NA | C61: 0 | D61: 0 | E61: 0 | F61: 0 | G61: 0 | H61: 0 | I61: 0 | J61: 0 | K61: 0 | L61: 0 | M61: 0 | N61: 0 | O61: 0 | P61: 0 | Q61: 0 | R61: 0 | S61: 0 | T61: 0 | U61: 0 | V61: 0
A62: 3 | B62: NA | C62: 0 | D62: 0 | E62: 0 | F62: 0 | G62: 0 | H62: 0 | I62: 0 | J62: 0 | K62: 0 | L62: 0 | M62: 0 | N62: 0 | O62: 0 | P62: 0 | Q62: 0 | R62: 0 | S62: 0 | T62: 0 | U62: 0 | V62: 0
A63: 4 | B63: NA | C63: 0 | D63: 0 | E63: 0 | F63: 0 | G63: 0 | H63: 0 | I63: 0 | J63: 0 | K63: 0 | L63: 0 | M63: 0 | N63: 0 | O63: 0 | P63: 0 | Q63: 0 | R63: 0 | S63: 0 | T63: 0 | U63: 0 | V63: 0
A64: 5 | B64: NA | C64: 0 | D64: 0 | E64: 0 | F64: 0 | G64: 0 | H64: 0 | I64: 0 | J64: 0 | K64: 0 | L64: 0 | M64: 0 | N64: 0 | O64: 0 | P64: 0 | Q64: 0 | R64: 0 | S64: 0 | T64: 0 | U64: 0 | V64: 0
A65: 6 | B65: NA | C65: 0 | D65: 0 | E65: 0 | F65: 0 | G65: 0 | H65: 0 | I65: 0 | J65: 0 | K65: 0 | L65: 0 | M65: 0 | N65: 0 | O65: 0 | P65: 0 | Q65: 0 | R65: 0 | S65: 0 | T65: 0 | U65: 0 | V65: 0
A66: 7 | B66: NA | C66: 0 | D66: 0 | E66: 0 | F66: 0 | G66: 0 | H66: 0 | I66: 0 | J66: 0 | K66: 0 | L66: 0 | M66: 0 | N66: 0 | O66: 0 | P66: 0 | Q66: 0 | R66: 0 | S66: 0 | T66: 0 | U66: 0 | V66: 0
A67: 8 | B67: NA | C67: 0 | D67: 0 | E67: 0 | F67: 0 | G67: 0 | H67: 0 | I67: 0 | J67: 0 | K67: 0 | L67: 0 | M67: 0 | N67: 0 | O67: 0 | P67: 0 | Q67: 0 | R67: 0 | S67: 0 | T67: 0 | U67: 0 | V67: 0
A68: 9 | B68: NA | C68: 0 | D68: 0 | E68: 0 | F68: 0 | G68: 0 | H68: 0 | I68: 0 | J68: 0 | K68: 0 | L68: 0 | M68: 0 | N68: 0 | O68: 0 | P68: 0 | Q68: 0 | R68: 0 | S68: 0 | T68: 0 | U68: 0 | V68: 0
A69: 10 | B69: NA | C69: 0 | D69: 0 | E69: 0 | F69: 0 | G69: 0 | H69: 0 | I69: 0 | J69: 0 | K69: 0 | L69: 0 | M69: 0 | N69: 0 | O69: 0 | P69: 0 | Q69: 0 | R69: 0 | S69: 0 | T69: 0 | U69: 0 | V69: 0
A71: Note:
A72: 1. Additional rows may be inserted to add more countries.
A73: 2. For determining the country of an investor, FME may take into account the tax residency of the investor.
A76: Table 4.4: Role of Distributors, as at the end of quarter
D77: For all types of schemes other than Retail Schemes | F77: For Retail Schemes
A78: S. No. | B78: Name of Scheme | C78: Total number of Distributors engaged by FME | D78: Commitments raised through Distributors (USD Million) | E78: No. of Investors onboarded through Distributors | F78: Net Assets under Management sourced through Distributors as at end of the quarter (USD Million) | G78: Net Number of Investors onboarded through Distributors as at end of the quarter
A79: 1 | B79: ='2. Summary'!C5 -> NA | C79: 0 | D79: 0 | E79: 0 | F79: 0 | G79: 0
A80: 2 | B80: ='2. Summary'!C6 -> NA | C80: 0 | D80: 0 | E80: 0 | F80: 0 | G80: 0
A81: 3 | B81: ='2. Summary'!C7 -> NA | C81: 0 | D81: 0 | E81: 0 | F81: 0 | G81: 0
A82: 4 | B82: ='2. Summary'!C8 -> NA | C82: 0 | D82: 0 | E82: 0 | F82: 0 | G82: 0
A83: 5 | B83: ='2. Summary'!C9 -> NA | C83: 0 | D83: 0 | E83: 0 | F83: 0 | G83: 0
A84: 6 | B84: ='2. Summary'!C10 -> NA | C84: 0 | D84: 0 | E84: 0 | F84: 0 | G84: 0
A85: 7 | B85: ='2. Summary'!C11 -> NA | C85: 0 | D85: 0 | E85: 0 | F85: 0 | G85: 0
A86: 8 | B86: ='2. Summary'!C12 -> NA | C86: 0 | D86: 0 | E86: 0 | F86: 0 | G86: 0
A87: 9 | B87: ='2. Summary'!C13 -> NA | C87: 0 | D87: 0 | E87: 0 | F87: 0 | G87: 0
A88: 10 | B88: ='2. Summary'!C14 -> NA | C88: 0 | D88: 0 | E88: 0 | F88: 0 | G88: 0

Sheet 5. PMS
A2: Table 5.1: Details of Portfolio of Clients availing Discretionary & Non-Discretionary Portfolio Management Services (PMS), as at the end of quarter (USD Million)
A3: S. No | B3: Type of Service | C3: Equity shares listed or to be listed on Stock Exchange | D3: Unlisted equity shares | E3: Debt securities listed or to be listed on Stock Exchange | F3: Unlisted debt securities | G3: Schemes in IFSC | H3: Schemes in India | I3: Schemes in Foreign Jurisdictions | J3: Cash equivalents | K3: Actual amount paid towards derivative contracts | L3: Other financial products | M3: Total
A4: 1 | B4: Discretionary PMS | C4: 0 | D4: 0 | E4: 0 | F4: 0 | G4: 0 | H4: 0 | I4: 0 | J4: 0 | K4: 0 | L4: 0 | M4: =SUM(C4:L4) -> 0
A5: 2 | B5: Non-Discretionary PMS | C5: 0 | D5: 0 | E5: 0 | F5: 0 | G5: 0 | H5: 0 | I5: 0 | J5: 0 | K5: 0 | L5: 0 | M5: =SUM(C5:L5) -> 0
A8: Table 5.2: Details of Leverage (USD Million)
A9: S. No | B9: Type of Service | C9: Gross Notional Exposure through Derivatives | D9: Net Unhedged Notional Exposure through Derivatives | E9: Net Gains / Losses booked on cumulative basis on Derivative Contracts | F9: Net Gains / Losses on outstanding derivative contracts marked to market as at the end of the quarter
A10: 1 | B10: Discretionary PMS | C10: 0 | D10: 0 | E10: 0 | F10: 0
A11: 2 | B11: Non-Discretionary PMS | C11: 0 | D11: 0 | E11: 0 | F11: 0
A13: Note:
A14: 1. "To be listed" includes such securities for which approval for listing has been granted by the relevant authority.
A15: 2. "Derivatives" include Equity Derivatives, Currency Derivatives, Interest Rate Derivatives, Commodity Derivatives, Index Derivatives, etc.
A16: 3. For providing "Notional Exposure through Derivatives", the gross exposure across all contracts may be aggregated. Exposure across multiple derivative contracts (such as Long and Short positions) shall not be netted out.
A17: 4. In calculating "Net Gains / Losses", if there is a net loss, the same may be indicated as a negative figure.
A20: Table 5.3: Details of Clients availing PMS, as at the end of quarter
A21: S. No | B21: Type of Service | C21: FME | E21: Associates of FME | G21: Employees / Directors / Designated Partners / Partners of FME | I21: Banks, Finance Companies, Insurance Companies, Provident Funds, Pension Funds | K21: Other Corporate | M21: Individuals (NRI / OCI) | O21: Individuals (Resident Indians) | Q21: Individuals (Other than NRI / OCI / RIs) | S21: Trusts | U21: Pooled Investment Vehicles | W21: Developmental / Government Agencies | Y21: Others | AA21: Total
C22: Amount (USD Million) | D22: No. of Investors | E22: Amount (USD Million) | F22: No. of Investors | G22: Amount (USD Million) | H22: No. of Investors | I22: Amount (USD Million) | J22: No. of Investors | K22: Amount (USD Million) | L22: No. of Investors | M22: Amount (USD Million) | N22: No. of Investors | O22: Amount (USD Million) | P22: No. of Investors | Q22: Amount (USD Million) | R22: No. of Investors | S22: Amount (USD Million) | T22: No. of Investors | U22: Amount (USD Million) | V22: No. of Investors | W22: Amount (USD Million) | X22: No. of Investors | Y22: Amount (USD Million) | Z22: No. of Investors | AA22: Amount (USD Million) | AB22: No. of Investors
A23: 1 | B23: Discretionary PMS | C23: 0 | D23: 0 | E23: 0 | F23: 0 | G23: 0 | H23: 0 | I23: 0 | J23: 0 | K23: 0 | L23: 0 | M23: 0 | N23: 0 | O23: 0 | P23: 0 | Q23: 0 | R23: 0 | S23: 0 | T23: 0 | U23: 0 | V23: 0 | W23: 0 | X23: 0 | Y23: 0 | Z23: 0 | AA23: =SUM(C23,E23,G23,I23,K23,M23,O23,Q23,S23,U23,W23,Y23) -> 0 | AB23: =SUM(D23,F23,H23,J23,P23,R23,L23,N23,T23,V23,X23,Z23) -> 0
A24: 2 | B24: Non-Discretionary PMS | C24: 0 | D24: 0 | E24: 0 | F24: 0 | G24: 0 | H24: 0 | I24: 0 | J24: 0 | K24: 0 | L24: 0 | M24: 0 | N24: 0 | O24: 0 | P24: 0 | Q24: 0 | R24: 0 | S24: 0 | T24: 0 | U24: 0 | V24: 0 | W24: 0 | X24: 0 | Y24: 0 | Z24: 0 | AA24: =SUM(C24,E24,G24,I24,K24,M24,O24,Q24,S24,U24,W24,Y24) -> 0 | AB24: =SUM(D24,F24,H24,J24,P24,R24,L24,N24,T24,V24,X24,Z24) -> 0
A25: 3 | B25: Advisory Services | C25: 0 | D25: 0 | E25: 0 | F25: 0 | G25: 0 | H25: 0 | I25: 0 | J25: 0 | K25: 0 | L25: 0 | M25: 0 | N25: 0 | O25: 0 | P25: 0 | Q25: 0 | R25: 0 | S25: 0 | T25: 0 | U25: 0 | V25: 0 | W25: 0 | X25: 0 | Y25: 0 | Z25: 0 | AA25: =SUM(C25,E25,G25,I25,K25,M25,O25,Q25,S25,U25,W25,Y25) -> 0 | AB25: =SUM(D25,F25,H25,J25,P25,R25,L25,N25,T25,V25,X25,Z25) -> 0
A26: 4 | B26: Total | C26: =SUM(C23:C25) -> 0 | D26: =SUM(D23:D25) -> 0 | E26: =SUM(E23:E25) -> 0 | F26: =SUM(F23:F25) -> 0 | G26: =SUM(G23:G25) -> 0 | H26: =SUM(H23:H25) -> 0 | I26: =SUM(I23:I25) -> 0 | J26: =SUM(J23:J25) -> 0 | ... Z26: =SUM(Z23:Z25) -> 0 | AA26: =SUM(C26,E26,G26,I26,K26,M26,O26,Q26,S26,U26,W26,Y26) -> 0 | AB26: =SUM(D26,F26,H26,J26,P26,R26,L26,N26,T26,V26,X26,Z26) -> 0
A28: Note:
A29: 1. Each category of investors as provided in Table 4.1 shall include such investors in IFSC, India or Foreign Jurisdictions. For example, the category 'Banks, Finance Companies, Insurance Companies, Provident Funds, Pension Funds' shall include such institutions in IFSC, India or Foreign Jurisdictions.
A30: 2. NRI (Non-Resident Indian) and OCI (Overseas Citizen of India) shall have the same meaning as assigned to such terms under rule 2 of the Foreign Exchange Management (Non-debt Instruments) Rules, 2019 made under the Foreign Exchange Management Act, 1999.
A31: 3. Resident Indian (RI) shall have the same meaning assigned to the term “person resident in India” under the Foreign Exchange Management Act, 1999.
A34: Table 5.4: Funds raised from various types of investors
A35: S. No | B35: Type of Service | C35: Accredited Investors | E35: Investors other than Accredited Investors | G35: Total
C36: Amount (USD Million) | D36: No. of Investors | E36: Amount (USD Million) | F36: No. of Investors | G36: Amount (USD Million) | H36: No. of Investors
A37: 1 | B37: Discretionary PMS | C37: 0 | D37: 0 | E37: 0 | F37: 0 | G37: =SUM(C37,E37) -> 0 | H37: =SUM(D37,F37) -> 0
A38: 2 | B38: Non-Discretionary PMS | C38: 0 | D38: 0 | E38: 0 | F38: 0 | G38: =SUM(C38,E38) -> 0 | H38: =SUM(D38,F38) -> 0
A39: 3 | B39: Advisory Services | C39: 0 | D39: 0 | E39: 0 | F39: 0 | G39: =SUM(C39,E39) -> 0 | H39: =SUM(D39,F39) -> 0
A40: 4 | B40: Total | C40: =SUM(C37:C39) -> 0 | D40: =SUM(D37:D39) -> 0 | E40: =SUM(E37:E39) -> 0 | F40: =SUM(F37:F39) -> 0 | G40: =SUM(C40,E40) -> 0 | H40: =SUM(D40,F40) -> 0
B42: Note:
B43: 1. "Accredited Investor" means an investor defined as such by IFSCA.
A46: Table 5.5: Country-wise breakup of investors, as at the end of quarter
C47: Discretionary PMS | E47: Non-Discretionary PMS | G47: Advisory Services
A48: S. No | B48: Country Name | C48: Amount (USD Million) | D48: No. of investors | E48: Amount (USD Million) | F48: No. of investors | G48: Amount (USD Million) | H48: No. of investors
A49: 1 | B49: NA | C49: 0 | D49: 0 | E49: 0 | F49: 0 | G49: 0 | H49: 0
A50: 2 | B50: NA | C50: 0 | D50: 0 | E50: 0 | F50: 0 | G50: 0 | H50: 0
A51: 3 | B51: NA | C51: 0 | D51: 0 | E51: 0 | F51: 0 | G51: 0 | H51: 0
A52: 4 | B52: NA | C52: 0 | D52: 0 | E52: 0 | F52: 0 | G52: 0 | H52: 0
A53: 5 | B53: NA | C53: 0 | D53: 0 | E53: 0 | F53: 0 | G53: 0 | H53: 0
A54: 6 | B54: NA | C54: 0 | D54: 0 | E54: 0 | F54: 0 | G54: 0 | H54: 0
A55: 7 | B55: NA | C55: 0 | D55: 0 | E55: 0 | F55: 0 | G55: 0 | H55: 0
A56: 8 | B56: NA | C56: 0 | D56: 0 | E56: 0 | F56: 0 | G56: 0 | H56: 0
A57: 9 | B57: NA | C57: 0 | D57: 0 | E57: 0 | F57: 0 | G57: 0 | H57: 0
A58: 10 | B58: NA | C58: 0 | D58: 0 | E58: 0 | F58: 0 | G58: 0 | H58: 0
A60: Note:
A61: 1. Additional rows may be inserted to add more countries.
A62: 2. For determining the country of an investor, FME may take into account the tax residency of the investor.
A65: Table 5.6: Country-wise breakup of investment made under PMS, as at the end of quarter
C66: Discretionary PMS | E66: Non-Discretionary PMS
A67: S. No | B67: Country Name | C67: Amount (USD Million) | D67: No. of investments | E67: Amount (USD Million) | F67: No. of investments
A68: 1 | B68: NA | C68: 0 | D68: 0 | E68: 0 | F68: 0
A69: 2 | B69: NA | C69: 0 | D69: 0 | E69: 0 | F69: 0
A70: 3 | B70: NA | C70: 0 | D70: 0 | E70: 0 | F70: 0
A71: 4 | B71: NA | C71: 0 | D71: 0 | E71: 0 | F71: 0
A72: 5 | B72: NA | C72: 0 | D72: 0 | E72: 0 | F72: 0
A73: 6 | B73: NA | C73: 0 | D73: 0 | E73: 0 | F73: 0
A74: 7 | B74: NA | C74: 0 | D74: 0 | E74: 0 | F74: 0
A75: 8 | B75: NA | C75: 0 | D75: 0 | E75: 0 | F75: 0
A76: 9 | B76: NA | C76: 0 | D76: 0 | E76: 0 | F76: 0
A77: 10 | B77: NA | C77: 0 | D77: 0 | E77: 0 | F77: 0
A79: Note:
A80: 1. Additional rows may be inserted to add more countries.
A81: 3. Information in Table 5.6 should be provided on a look-through basis.
A82: 3. For the purpose of Table 5.6, amounts paid towards derivative contracts and deployment in cash equivalents may not be considered.

Sheet Dropdown
D3: April - June | E3: 2024-25 | F3: Venture Capital Scheme | G3: Company | H3: Yes | I3: Open-Ended | J3: Registered FME (Retail) | K3: Trust | L3: Discretionary PMS
D4: July - September | E4: 2025-26 | F4: Angel Scheme | G4: Limited Liability Partnership | H4: No | I4: Close-Ended | J4: Registered FME (Non-Retail) | K4: Limited Liability Partnership | L4: Non-Discretionary PMS
D5: October - December | E5: 2026-27 | F5: Restricted Scheme (Category I) | G5: Branch of a Company | H5: Not Applicable | J5: Authorised FME | K5: Company | L5: Advisory Services
D6: January - March | E6: 2027-28 | F6: Restricted Scheme (Category II) | G6: Branch of a LLP
F7: Restricted Scheme (Category III) | G7: Trust
F8: Retail Scheme
F9: Exchange Traded Fund
F10: Special Situation Fund
F11: Family Investment Fund
